AoeStats
← AloneArcher

Arena

508742743Analyzed
1v1 RM · 9d ago on Sep 23, 2026· 85m 43s· 2 players
Game mode
Random Map
Map size
Tiny (2 player)
Population
200
Speed
Normal
Resources
Standard
Victory
Conquest
Starting age
Dark Age
Ending age
Imperial Age
RankedLock teamsTeams togetherTeam positionsShared explorationLock speedFull tech treeHidden civsTurbo modeCheats
Victory
Defeat
🇨🇱 Khmer · Chile
781
+14
🇹🇷 Turks · Türkiye
733
-14
NPG | NUNCAPUEDOGANAR
11:11 Feudal Age
12:00 Double-Bit Axe
12:36 Horse Collar
17:15 Castle Age
19:32 Bloodlines
19:28 Husbandry
19:25 Light Cavalry
20:18 Gold Mining
21:01 Scale Barding Armor
21:28 Bow Saw
21:56 Wheelbarrow
25:27 Chain Barding Armor
25:18 Forging
29:31 Imperial Age
29:42 Arson
30:03 Scale Mail Armor
30:04 Pikeman
31:49 Halberdier
33:31 Town Watch
33:33 Loom
35:41 Gold Shaft Mining
35:25 Hand Cart
36:10 Tusk Swords
36:31 Conscription
37:05 Plate Barding Armor
40:40 Iron Casting
40:21 Chain Mail Armor
40:37 Elite Battle Elephant
47:43 Blast Furnace
46:36 Fletching
56:24 Hussar
60:28 Capped Ram
61:22 Siege Ram
70:18 Bodkin Arrow
AloneArcher
11:52 Feudal Age
13:52 Double-Bit Axe
13:51 Horse Collar
16:18 Gold Mining
19:36 Castle Age
21:06 Bow Saw
21:44 Stone Mining
22:30 Gold Shaft Mining
23:44 Heavy Plow
30:14 Imperial Age
32:17 Wheelbarrow
31:27 Town Watch
31:28 Loom
33:39 Two-Man Saw
33:57 Scale Barding Armor
33:53 Padded Archer Armor
33:43 Fletching
33:54 Scale Mail Armor
34:04 Forging
34:52 Conscription
35:40 Hand Cart
36:17 Chain Barding Armor
36:13 Leather Archer Armor
37:50 Leather Archer Armor
37:31 Bodkin Arrow
37:08 Elite Janissary
39:49 Bombard Tower
40:52 Heavy Scorpion
45:07 Masonry
45:47 Ring Archer Armor
45:18 Bracer
45:34 Chain Mail Armor
45:54 Plate Barding Armor
45:55 Iron Casting
47:35 Town Patrol
49:27 Heavy Camel Rider
57:22 Bloodlines
58:44 Plate Mail Armor
59:21 Blast Furnace
74:44 Crossbowman
75:31 Thumb Ring
83:40 Squires
83:26 Arson
Connection lost

Rejoining the realm…

Still unreachable

The connection could not be restored.

Session expired

The server has moved on; the page needs a fresh start.